 Dungeon Crawl Stone Soup version 0.31-a0-237-g2d982f9f85 (webtiles) character file.

Game seed: 5911142899049631725

42 qw the Shooter (level 3, 0/29 HPs)
             Began as a Minotaur Hexslinger on July 10, 2023.
             Slain by a kobold
             ... wielding a +2 whip of flaming
              (1 damage)
             ... on level 2 of the Dungeon.
             The game lasted 00:00:23 (1075 turns).

qw the Shooter (Minotaur Hexslinger)                Turns: 1075, Time: 00:00:24

Health: 0/29       AC:  3    Str: 12    XL:     3   Next: 33%
Magic:  3/3        EV: 12    Int: 10    God:
Gold:   83         SH:  0    Dex: 14    Spells: 3/4 levels left

rFire   . . .        Y - +1 sling
rCold   . . .        (no shield)
rNeg    + . .        j - +0 leather armour
rPois   +            (helmet restricted)
rElec   .            (no cloak)
rCorr   .            (no gloves)
SInv    .            (no boots)
Will    .....        (no amulet)
Stlth   +            e - ring of positive energy
HPRegen 0.24/turn    i - ring of poison resistance
MPRegen 0.08/turn

%: no passive effects
@: no status effects
A: horns 2, retaliatory headbutt
a: no special abilities


You were on level 2 of the Dungeon.
You visited 1 branch of the dungeon, and saw 2 of its levels.

You collected 83 gold pieces.


Innate Abilities, Weirdness & Mutations

You have a pair of horns on your head.
You reflexively headbutt those who attack you in melee.


   Skills:
 - Level 2.0 Fighting
 + Level 3.9 Ranged Weapons
 - Level 2.1 Dodging
 - Level 1.0 Spellcasting
 - Level 2.0 Hexes


You had 3 spell levels left.
You knew the following spells:

 Your Spells              Type           Power      Damage    Failure   Level
a - Slow                  Hex            16%        N/A       19%         1

Your spell library contained the following spells:

 Spells                   Type           Power      Damage    Failure   Level
 Inner Flame              Hex/Fire       2%         N/A       65%         3
 Portal Projectile        Hex/Tloc       4%         N/A       65%         3
 Cause Fear               Hex            2%         N/A       88%         4

Inventory:

Hand Weapons
 Y - a +1 sling (weapon)
Armour
 j - a +0 leather armour (worn)
Jewellery
 e - a ring of positive energy (left hand)
 i - a ring of poison resistance (right hand)
Potions
 f - a potion of brilliance {unknown}
 g - a potion of curing {unknown}

Dungeon Overview and Level Annotations

Branches:
Dungeon (2/15)

Altars:


Message History

The sling bullet barely misses the kobold.
The kobold shouts!
You shoot a sling bullet.
The sling bullet barely misses the kobold.
A kobold comes into view. It is wielding a +0 scimitar.
The kobold hits you but does no damage. The kobold closely misses you.
You shoot a sling bullet. The kobold shouts!
The sling bullet hits the kobold!
You kill the kobold!
The kobold hits you with a +2 whip of flaming.
The kobold burns you. The kobold hits you but does no damage.
You shoot a sling bullet.
The sling bullet hits the kobold but does no damage.
The kobold barely misses you. The kobold closely misses you.
The kobold barely misses you.
You shoot a sling bullet. The sling bullet hits the kobold.
The kobold is severely wounded.
The kobold closely misses you. x2; You furiously retaliate!
You headbutt the kobold.
You kill the kobold!
The kobold hits you with a +0 whip. The kobold misses you.
The kobold barely misses you. The kobold hits you with a +0 whip.
The kobold hits you with a +0 dagger. The kobold closely misses you.
You shoot a sling bullet. The sling bullet hits the kobold.
You kill the kobold!
The kobold misses you. You furiously retaliate!
You headbutt the kobold. The kobold hits you but does no damage.
The kobold misses you.
You shoot a sling bullet.
The sling bullet closely misses the kobold.
The kobold barely misses you. x2
The kobold hits you with a +2 whip of flaming.
The kobold burns you.
You shoot a sling bullet.
The sling bullet closely misses the kobold.
The kobold misses you. You furiously retaliate!
You headbutt the kobold. The kobold hits you with a +0 whip.
The kobold hits you with a +2 whip of flaming.
The kobold burns you.
You die...

.. .. ### .. ###
.... #. #.##.....
#. ##KK......
#.##.@K......
#.#..)K......
#...#.##.....
###..## .... ##.#
### #.########
#........##########
########...........
#####....###


You could see 4 kobolds.

Vanquished Creatures
  4 endoplasms
  3 giant cockroaches
  6 goblins
  6 hobgoblins
  6 kobolds
  5 quokkas (D:1)
  A ball python (D:1)
  A bat (D:1)
  2 rats (D:2)
34 creatures vanquished.

Notes
Turn   | Place    | Note
-------+----------+-------------------------------------------
     0 | D:1      | qw the Minotaur Hexslinger began the quest for the Orb.
     0 | D:1      | Reached XP level 1. HP: 16/16 MP: 1/1
     0 | D:1      | 0 ||| qw: Version: 0.3-a-52-g30416fa
     0 | D:1      | 0 ||| qw: Game counter: 5103
     0 | D:1      | 0 ||| qw: Melee chars always use a shield: true
     0 | D:1      | 0 ||| qw: God list: Okawaru
     0 | D:1      | 0 ||| qw: Allow faded altars: false
     0 | D:1      | 0 ||| qw: Do Orc after clearing Dungeon:15 true
     0 | D:1      | 0 ||| qw: Do second Lair branch before Depths: true
     0 | D:1      | 0 ||| qw: Lair rune preference: random
     0 | D:1      | 0 ||| qw: Goals: Normal
     0 | D:1      | 0 ||| PLANNING D:1-11
    41 | D:1      | Reached skill level 3 in Ranged Weapons
    41 | D:1      | Reached XP level 2. HP: 23/23 MP: 2/2
   594 | D:1      | Reached XP level 3. HP: 29/29 MP: 3/3
   650 | D:1      | Found a faded altar of an unknown god.
   857 | D:1      | 857 ||| UPGRADING to +0 leather armour.
   867 | D:1      | 867 ||| DROPPING +0 robe.
   868 | D:1      | 868 ||| UPGRADING to ring of positive energy.
   869 | D:1      | 869 ||| UPGRADING to ring of poison resistance.
   870 | D:1      | 870 ||| READING scroll labelled JUETOA SORCHAZ.
   871 | D:1      | 871 ||| READING scroll labelled UFAEVV NOUSSON.
   872 | D:1      | 872 ||| READING scroll labelled ZAGYMP MAMEAMN.
   873 | D:1      | 873 ||| DROPPING scroll of poison.
  1075 | D:2      | HP: 5/29 [kobold/+0 whip (4)]
  1075 | D:2      | HP: 1/29 [kobold/+2 whip of flaming (4)]
  1075 | D:2      | Slain by a kobold

Levels and vault maps discovered:
D:1:      heliophobic_arrival_ceremonial_halls, layout_basic,
          shapermc_ecumenical_altar_ellora, columned_hall_lemuel,
          minmay_misc_feat_columns, minmay_misc_feat_x, minmay_misc_feat_doors,
          nrook_loot_triangle, corner_web_ring
D:2:      cheibrodos_fertilizer, layout_basic, basic_altar

Skill      XL: |  1  2 |
---------------+-------+-----
Ranged Weapons | 3 |  3.9
Fighting       | 2 |  2.0
Dodging        | |  2.1
Spellcasting   | |  1.0
Hexes          | |  2.0

Action                     || total
---------------------------++-------
   Fire: Sling             ||    90
    Use: Scroll            ||     3
 Armour: Robe              ||     3
         Leather armour    ||     3
  Dodge: Dodged            ||    29

Table legend:
 A = Non-vault XP
 B = Vault XP
 C = Vault XP percentage of total XP
 D = Non-vault monster count
 E = Vault monster count
 F = Vault count percentage of total count
                 A         B        C        D         E       F
            +---------+---------+-------+---------+---------+-------
      Total |      56 |       4 |   6.7 |      31 |       3 |   8.8
            +---------+---------+-------+---------+---------+-------
        D:1 |      42 |       0 |   0.0 |      22 |       0 |   0.0
        D:2 |      14 |       4 |  22.2 |       9 |       3 |  25.0
            +---------+---------+-------+---------+---------+-------
